 Dungeon Crawl Stone Soup version 0.21.1-1-g345015f (webtiles) character file.

1388 Curus the Martial Artist (level 8, 0/56 HPs)
             Began as a Demonspawn Gladiator on Mar 14, 2018.
             Slain by Menkaure (3 damage)
             ... on level 6 of the Dungeon.
             The game lasted 00:25:42 (5555 turns).

Curus the Martial Artist (Demonspawn Gladiator)     Turns: 5555, Time: 00:25:43

Health: 0/56       AC:  7    Str: 15    XL:     8   Next: 40%
Magic:  0/7        EV: 13    Int: 13    God:
Gold:   179        SH:  0    Dex: 19    Spells: 7/7 levels left

rFire    . . .     SeeInvis +     - Unarmed
rCold    . . .     Gourm    .   (no shield)
rNeg     . . .     Faith    .   b - +1 leather armour
rPois    .         Spirit   +   n - +2 helmet
rElec    .         Reflect  .   (no cloak)
rCorr    .         Harm     +   (no gloves)
MR       .....                  (no boots)
Stlth    ++........             r - amulet of harm
HPRegen  0.18/turn              e - +4 ring of intelligence
MPRegen  0.20/turn              q - ring of see invisible

@: no status effects
A: claws 2, thin skeletal structure 2, clumsy 1, low mp 1, powered by pain 1,
wild magic 1, evolution 1, magic shield, magic regeneration
a: no special abilities


You were on level 6 of the Dungeon.
You were hungry.

You visited 1 branch of the dungeon, and saw 6 of its levels.

You collected 179 gold pieces.

Inventory:

Hand Weapons
 a - a +0 quarterstaff
Armour
 b - a +1 leather armour (worn)
 c - a +0 helmet
 n - a +2 helmet (worn)
Jewellery
 e - a +4 ring of intelligence (left claw)
 m - a -3 ring of strength
 q - a ring of see invisible (right claw)
 r - an amulet of harm (around neck)
Wands
 l - a wand of random effects (26)
 s - a wand of polymorph (14)
Scrolls
 i - a scroll of teleportation
 j - 4 scrolls of identify
 k - 3 scrolls of remove curse
Potions
 g - 5 potions of curing
 h - a potion of berserk rage
 p - a potion of flight
 t - a potion of brilliance
Books
 o - a book of Misfortune

   Spells                             Type                      Level
   a - Confusing Touch                Hexes                        1
   b - Confuse                        Hexes                        3
   c - Gell's Gravitas                Translocation                3
   d - Petrify                        Transmutation/Earth          4
   e - Metabolic Englaciation         Hexes/Ice                    5
   f - Yara's Violent Unravelling     Hexes/Transmutation          5
Comestibles
 f - 9 rations


   Skills:
 - Level 2.0 Fighting
 - Level 3.2 Staves
 - Level 1.7 Throwing
 - Level 2.6 Dodging
 + Level 9.2 Unarmed Combat


You had 7 spell levels left.
You didn't know any spells.

Dungeon Overview and Level Annotations

Branches:
Dungeon (6/15)
 Temple: D:4-7

Altars:
Ashenzari
Qazlal
Trog
Xom
Zin

Annotations:
D:3 Tenz's ghost, amateur SpEn
D:4 1994's ghost, amateur TeAE
D:6 Menkaure


Innate Abilities, Weirdness & Mutations

You have very sharp fingernails.
You have a moderately thin skeletal structure. (Dex +4, Stealth+)
You sometimes gain a little power by taking damage.
When hurt, damage is shared between your health and your magic reserves.
You regenerate magic rapidly.
You are clumsy. (Dex -2)
Your magical capacity is low. (-10% MP)
Your spells are a little harder to cast, but a little more powerful.
You evolve.


Message History

Menkaure hits you!
You claw Menkaure!
Menkaure is heavily damaged.
You scratch Menkaure.
Menkaure is severely damaged.
Menkaure barely misses you.
You barely miss Menkaure.
Menkaure is severely damaged.
Menkaure hits you!!
* * * LOW HITPOINT WARNING * * *
Okay, then.
Throwing (i - inventory):
d - a throwing net (quivered)
Press: ? - help, Shift-Dir - straight line, f - Menkaure
Aim: Menkaure (severely damaged)
You throw a throwing net.
The throwing net completely misses Menkaure.
You barely miss Menkaure.
Menkaure is severely damaged.
Menkaure hits you.
You die...

#....#.......... #.....
#....#.......... #####...
#####.......... # ........
#...........## .# ........
#............#..#.........
#>................ .......
#................. .......
#.....#.#........# ####..
#.....#.#@##.....# #..
#.......M.......##### #..
###....##.....#.....####.รท
###.................+.##..
#...................#.##..
#.........................
#.........................
##((..(..(................
#..((...#+#.##.....##'#...


You could see Menkaure.

Vanquished Creatures
  Pikel (D:5)
  Duvessa (D:6)
  An orc warrior (D:5)
  2 ice beasts
  A centaur (D:6)
  Dowan (D:6)
  A howler monkey (D:5)
  A crimson imp (D:6)
  4 hounds
  2 jellies (D:5)
  2 orc wizards
  A worker ant (D:4)
  4 gnolls
  6 adders
  2 shadow imps
  2 adder skeletons
  3 worms
  4 dart slugs
  4 leopard geckos
  12 orcs
  A ball python (D:2)
  7 bats
  A giant cockroach (D:2)
  5 goblins
  A hobgoblin (D:1)
  2 frilled lizards
  A jackal skeleton (D:5)
  5 kobolds
  6 rats
84 creatures vanquished.

Vanquished Creatures (others)
  An ice beast (D:5)
  3 slaves (D:5)
  A crimson imp (D:5)
  An adder (D:5)
  An ooze (D:5)
  A quokka zombie (D:5)
8 creatures vanquished.

Grand Total: 92 creatures vanquished

Notes
Turn   | Place    | Note
-------+----------+-------------------------------------------
     0 | D:1      | Curus the Demonspawn Gladiator began the quest for the Orb.
     0 | D:1      | Reached XP level 1. HP: 16/16 MP: 1/1
   662 | D:2      | Gained mutation: You have sharp fingernails. [demonic ancestry]
   662 | D:2      | Reached XP level 2. HP: 22/22 MP: 2/2
   704 | D:2      | Reached skill level 1 in Unarmed Combat
   752 | D:2      | Gained mutation: When hurt, damage is shared between your health and your magic reserves. [demonic ancestry]
   752 | D:2      | Reached XP level 3. HP: 18/27 MP: 3/3
  1055 | D:2      | Reached skill level 2 in Unarmed Combat
  1091 | D:2      | Found a bloodstained altar of Trog.
  1766 | D:2      | Gained mutation: You have a somewhat thin skeletal structure. (Dex +2, Stealth) [demonic ancestry]
  1766 | D:2      | Reached XP level 4. HP: 13/33 MP: 2/4
  1771 | D:2      | Reached skill level 3 in Unarmed Combat
  2096 | D:3      | Noticed Tenz's ghost (amateur SpEn)
  2202 | D:4      | Noticed 1994's ghost (amateur TeAE)
  2291 | D:4      | Reached skill level 4 in Unarmed Combat
  2291 | D:4      | Gained mutation: You have very sharp fingernails. [demonic ancestry]
  2291 | D:4      | Reached XP level 5. HP: 7/38 MP: 0/5
  2709 | D:3      | Found a shimmering altar of Xom.
  2763 | D:3      | Found a stormy altar of Qazlal.
  3080 | D:3      | Found a shattered altar of Ashenzari.
  3720 | D:4      | Gained mutation: Your spells are a little harder to cast, but a little more powerful. [potion of mutation]
  3720 | D:4      | Gained mutation: You are clumsy. (Dex -2) [potion of mutation]
  3720 | D:4      | Gained mutation: Your magical capacity is low. (-10% MP) [potion of mutation]
  3720 | D:4      | Gained mutation: You evolve. [potion of mutation]
  3750 | D:5      | Entered Level 5 of the Dungeon
  3768 | D:5      | Found a glowing silver altar of Zin.
  3792 | D:5      | Reached skill level 5 in Unarmed Combat
  3795 | D:5      | Gained mutation: You have a moderately thin skeletal structure. (Dex +4, Stealth+) [demonic ancestry]
  3795 | D:5      | Reached XP level 6. HP: 39/44 MP: 5/5
  3848 | D:5      | Noticed Pikel
  3850 | D:5      | Noticed a slave
  3886 | D:5      | Noticed a slave
  3891 | D:5      | Killed Pikel
  3891 | D:5      | Reached skill level 7 in Unarmed Combat
  3891 | D:5      | Gained mutation: You sometimes gain a little power by taking damage. [demonic ancestry]
  3891 | D:5      | Reached XP level 7. HP: 3/50 MP: 1/6
  4088 | D:5      | Killed a freed slave
  4846 | D:6      | Noticed Menkaure
  4851 | D:5      | Reached skill level 8 in Unarmed Combat
  4909 | D:6      | Noticed Dowan
  4917 | D:6      | Noticed Duvessa
  4929 | D:6      | Killed Dowan
  4929 | D:6      | Gained mutation: You regenerate magic rapidly. [demonic ancestry]
  4929 | D:6      | Reached XP level 8. HP: 56/56 MP: 7/7
  4933 | D:6      | Killed Duvessa
  5301 | D:6      | Reached skill level 9 in Unarmed Combat
  5555 | D:6      | Slain by Menkaure

Skill      XL: |  1  2  3  4  5  6  7  8 |
---------------+-------------------------+-----
Staves         | 3 |  3.2
Unarmed Combat | 1 2 4 5 7 8 9 |  9.2
Fighting       | |  2.0
Throwing       | |  1.7
Dodging        | |  2.6

Action                   |  1- 3 |  4- 6 |  7- 9 || total
-------------------------+-------+-------+-------++-------
Melee: Quarterstaff      |    88 |    36 |       ||   124
       Unarmed           |       |   110 |   108 ||   218
       Punch             |       |     3 |     3 ||     6
Throw: Throwing net      |       |     4 |     1 ||     5
  Use: Scroll            |     7 |     2 |       ||     9
       Potion            |     5 |     5 |     2 ||    12
 Stab: Sleeping          |       |     5 |     1 ||     6
       Held in net/web   |       |     2 |       ||     2
  Eat: Chunk             |     2 |     7 |     5 ||    14
Armor: Leather armour    |    26 |    36 |    21 ||    83
       Skin              |       |       |     2 ||     2
Dodge: Dodged            |    40 |    80 |    46 ||   166
